 Dungeon Crawl Stone Soup version 0.29.0-4-gdea44cf6ec (webtiles) character file.

Game seed: 8520564915560288063

118 qw the Sneak (level 5, -6/32 HPs)
             Began as a Gargoyle Delver on Sept 10, 2022.
             Splashed by a jelly's acid (9 damage)
             ... on level 5 of the Dungeon.
             The game lasted 00:00:04 (382 turns).

qw the Sneak (Gargoyle Delver)                       Turns: 382, Time: 00:00:04

Health: -6/32      AC:  3    Str: 18    XL:     5   Next: 2%
Magic:  5/5        EV: 11    Int: 10    God:
Gold:   0          SH:  0    Dex: 11    Spells: 4/4 levels left

rFire   . . .      SeeInvis .   j - +2 war axe (elec)
rCold   . . .      Faith    .   (no shield)
rNeg    + . .      Spirit   .   b - +0 leather armour
rPois   inf        Reflect  .   (no helmet)
rElec   +          Harm     .   (no cloak)
rCorr   .          Rampage  .   (no gloves)
Will    .....                   (no boots)
Stlth   +++.......              (no amulet)
HPRegen 0.10/turn               (no ring)
MPRegen 0.09/turn               (no ring)

@: corroded
A: sickness immunity, AC +4, negative energy resistance 1, electricity
resistance, torment resistance 1, petrification resistance
a: no special abilities


You were on level 5 of the Dungeon.
You visited 1 branch of the dungeon, and saw 1 of its levels.


Innate Abilities, Weirdness & Mutations

You are immune to sickness and miasma.
Your stone body is resilient. (AC +4)
You are immune to poison.
You resist negative energy. (rN+)
You are resistant to electric shocks. (rElec)
You are resistant to unholy torment.
You are immune to petrification.


   Skills:
 - Level 3.2 Fighting
 + Level 4.5 Axes
 - Level 1.5 Dodging
 - Level 5.4 Stealth


You had 4 spell levels left.
You didn't know any spells.
Your spell library was empty.

Inventory:

Hand Weapons
 j - a +2 war axe of electrocution (weapon)
Armour
 b - a +0 leather armour (worn)
Wands
 g - a wand of digging (3)
Scrolls
 a - a scroll of identify {unknown}
 c - a scroll of fog
 d - a scroll of magic mapping
 e - a scroll of fear
Potions
 f - a potion of haste
 h - a potion of curing {unknown}
 i - a potion of mutation {unknown}

Dungeon Overview and Level Annotations

Branches:
Dungeon (5/15)
 Temple: D:4-7

Altars:


Message History

The black bear bites you. The black bear claws you.
The black bear barely misses you.
You closely miss the black bear.
The black bear is moderately wounded.
The black bear bites you but does no damage.
The black bear barely misses you. The black bear claws you.
A jelly comes into view.
The kobold shouts!
The jelly quivers.
You slash the black bear!
The black bear is almost dead.
The black bear closely misses you. The black bear claws you.
The black bear claws you but does no damage.
You hit the black bear.
You kill the black bear!
You closely miss the kobold. The kobold hits you but does no damage.
The kobold barely misses you.
Your Axes skill increases to level 4!
You have reached level 4!
You feel stronger.
You have reached level 5!
You closely miss the kobold. You hit the jelly. The acid corrodes you!
Your hands burn!
The jelly is lightly wounded.
You hit the kobold but do no damage. The kobold hits you but does no damage.
The jelly hits you but does no damage.
You hit the jelly but do no damage. Lightning courses through the jelly!
Your hands burn!
The jelly is severely wounded.
You hit the kobold but do no damage. Lightning courses through the kobold!
You kill the kobold!
You barely miss the kobold brigand. The jelly barely misses you.
You hit the jelly.
Your hands burn!
The jelly is almost dead.
You closely miss the kobold brigand.
The kobold throws a stone.
The stone barely misses you. The jelly barely misses you.
The kobold brigand hits you but does no damage.
The kobold throws a stone.
The stone hits you. The jelly hits you.
You are splashed with acid!
You die...

#### ... # ...
#.##..#### #
#........ .#
(..(..#J##..#
#...@.K..#
.....##K###.#
### ##.###.#
#...##.#
#......#
#...#..##
#...##..#
######...###.##
#..........)..##


You could see a kobold brigand, a jelly and a kobold.

Vanquished Creatures
  A black bear (D:5)
  A jelly (D:5)
  A kobold (D:5)
3 creatures vanquished.

Notes
Turn   | Place    | Note
-------+----------+-------------------------------------------
     0 | D:5      | qw the Gargoyle Delver began the quest for the Orb.
     0 | D:5      | Reached XP level 1. HP: 14/14 MP: 1/1
     0 | D:5      | 0 ||| qw: Version: 0.1-a-116-g5d60599
     0 | D:5      | 0 ||| qw: Game counter: 7750
     0 | D:5      | 0 ||| qw: Always use a shield: true
     0 | D:5      | 0 ||| qw: God list: Okawaru
     0 | D:5      | 0 ||| qw: Allow faded altars: false
     0 | D:5      | 0 ||| qw: Do Orc after D:15 true
     0 | D:5      | 0 ||| qw: Do second Lair branch before Depths: true
     0 | D:5      | 0 ||| qw: Lair rune preference: random
     0 | D:5      | 0 ||| qw: Plans: Normal
     0 | D:5      | 0 ||| PLANNING D:1-11
    77 | D:5      | 77 ||| SWAPPING to +2 war axe of electrocution.
    78 | D:5      | 78 ||| DROPPING +0 hand axe.
    79 | D:5      | Noticed a jelly
    84 | D:5      | HP: 2/14 [acid (5)]
    85 | D:5      | Killed a jelly
    86 | D:5      | Reached skill level 3 in Axes
    86 | D:5      | Reached XP level 2. HP: 3/19 MP: 2/2
    86 | D:5      | Reached XP level 3. HP: 4/23 MP: 3/3
    93 | D:5      | Noticed a necrophage
    94 | D:5      | 94 ||| Stepping ~*~*~tactically~*~*~ (stealth).
    96 | D:5      | 96 ||| Stepping ~*~*~tactically~*~*~ (stealth).
    97 | D:5      | 97 ||| Stepping ~*~*~tactically~*~*~ (stealth).
   370 | D:5      | Noticed a kobold brigand
   371 | D:5      | Noticed a black bear
   378 | D:5      | Killed a black bear
   379 | D:5      | Reached XP level 4. HP: 13/28 MP: 4/4
   379 | D:5      | Reached XP level 5. HP: 14/32 MP: 5/5
   382 | D:5      | HP: 6/32 [acid (4)]
   382 | D:5      | Splashed by a jelly's acid

Levels and vault maps discovered:
D:5:      layout_loops_cross, chequers_arboretum, minmay_large_rounded_square,
          kennysheep_generic_room_14

Skill      XL: |  1  2  3 |
---------------+----------+-----
Axes           | 3 4 |  4.5
Fighting       | |  3.2
Dodging        | |  1.5
Stealth        | |  5.4

Action                   |  1- 3 |  4- 6 || total
-------------------------+-------+-------++-------
Melee: War axe           |     9 |     4 ||    13
Armor: Leather armour    |     7 |     3 ||    10
Dodge: Dodged            |     8 |     3 ||    11

Table legend:
 A = Non-vault XP
 B = Vault XP
 C = Vault XP percentage of total XP
 D = Non-vault monster count
 E = Vault monster count
 F = Vault count percentage of total count
                 A         B        C        D         E       F
            +---------+---------+-------+---------+---------+-------
      Total |     169 |       0 |   0.0 |       3 |       0 |   0.0
            +---------+---------+-------+---------+---------+-------
        D:5 |     169 |       0 |   0.0 |       3 |       0 |   0.0
            +---------+---------+-------+---------+---------+-------
